 Dungeon Crawl Stone Soup version 0.30-b1-2-g02819fbbbe (webtiles) character file.

Game seed: 10599141817334450271

789 MisterFreud the Ruffian (level 7, 0/58 HPs)
             Began as a Pale Draconian Transmuter on July 3, 2023.
             Slain by an ogre
             ... wielding a +0 giant spiked club
              (34 damage)
             ... on level 5 of the Dungeon.
             The game lasted 00:08:18 (4430 turns).

MisterFreud the Ruffian (Pale Draconian Transmuter) Turns: 4430, Time: 00:08:18

Health: 0/58       AC:  2    Str: 12    XL:     7   Next: 56%
Magic:  8/10       EV: 19    Int: 16    God:
Gold:   215        SH:  0    Dex: 16    Spells: 7/10 levels left

rFire   . .          .
                       - Unarmed
rCold   . . .        (shield currently unavailable)
rNeg    . . .        (body armour unavailable)
rPois   x            (helmet currently unavailable)
rElec   .            l - melded +2 cloak
rCorr   +            (gloves currently unavailable)
SInv    +            (boots currently unavailable)
Will    .....        (no amulet)
Stlth   +            b - ring of resist corrosion
HPRegen 0.29/turn    j - ring of see invisible
MPRegen 0.12/turn

%: no passive effects
@: spider-form (expiring), studying Staves
A: venomous fangs, (breathe steam), AC +6, tiny, unfitting armour,
(cold-blooded), (steam resistance)
a: End Transformation


You were on level 5 of the Dungeon.
You were a venomous arachnid creature.
You visited 1 branch of the dungeon, and saw 5 of its levels.
You also visited: Sewer.

You collected 215 gold pieces.

Inventory:

Hand Weapons
 i - the +8 spear "Syumotem" {flame, Fragile rPois rC+ rN+}
   (You found it on level 3 of the Dungeon)

   rC:        It protects you from cold.
   rPois:     It protects you from poison.
   rN:        It protects you from negative energy.
   Fragile:   It will be destroyed if unequipped.
Missiles
 d - 5 boomerangs
Armour
 l - a +2 cloak (melded)
Jewellery
 b - a ring of resist corrosion (left front pincers)
 j - a ring of see invisible (right front pincers)
 s - the ring "Ankerucs" {rC+ MP+9}
   (You found it on level 5 of the Dungeon)

   [ring of protection from cold]

   rC:        It protects you from cold.
   MP:        It affects your magic capacity (+9).
Wands
 p - a wand of digging (3)
 r - a wand of mindburst (16)
Scrolls
 o - a scroll of vulnerability
Potions
 a - a potion of lignification
 c - 3 potions of ambrosia
 e - 3 potions of haste
 f - 2 potions of mutation {unknown}
 g - a potion of magic {unknown}
 h - a potion of curing {unknown}
 k - 2 potions of attraction {unknown}
 m - a potion of might {unknown}
 q - 2 potions of flight {unknown}
 t - a potion of heal wounds {unknown}
Miscellaneous
 n - a piece from Xom's chessboard (15/15)


   Skills:
 - Level 3.7 Fighting
 - Level 3.0 Polearms
 + Level 2.0 Dodging
 - Level 6.0 Unarmed Combat
 - Level 2.0 Spellcasting
 - Level 5.0 Transmutations


You had 7 spell levels left.
You knew the following spells:

 Your Spells              Type           Power      Damage    Failure   Level
a - Spider Form           Tmut/Pois      9%         N/A       43%         3

Your spell library contained the following spells:

 Spells                   Type           Power      Damage    Failure   Level
 Beastly Appendage        Tmut           34%        N/A       10%         1
 Wereblood                Tmut           17%        N/A       13%         2
 Ice Form                 Ice/Tmut       9%         N/A       78%         4


Dungeon Overview and Level Annotations

Branches:
Dungeon (5/15)              Sewer (visited)
 Temple: D:4-7

Altars:
Yredelemnul

Shops:
D:3 [   D:5 =


Innate Abilities, Weirdness & Mutations

You are a venomous arachnid creature.
You have venomous fangs.
You are tiny and dextrous.
Your spellcasting is less reliable in this form.
Your armour is entirely melded.
You are incapable of wielding weapons or throwing items.
((You can breathe blasts of scalding, opaque steam.))
((Your pale cyan-grey scales are hard. (AC +6)))
You cannot fit into any form of body armour.
((You are cold-blooded and may be slowed by cold attacks.))
((You are immune to the effects of steam.))


Message History

You are no longer poisoned.
Magic restored.
HP restored.
You open the door.
An ogre and a howler monkey come into view.
Found a stone staircase leading down.
There are monsters nearby!
Casting: Spider Form (dangerous; 22% risk of failure)
Confirm with . or Enter, or press ? or * to list all spells.
You turn into a venomous arachnid creature.
Your +2 cloak melds into your body.
The ogre shouts!
There is an open door here.
The ogre attacks as you move away!
The ogre hits you with a +0 giant spiked club!!
The howler monkey hits you but does no damage.
You hit the howler monkey.
The howler monkey is poisoned.
The howler monkey is moderately wounded.
The howler monkey hoots and howls with incredible vigour!
You hear a shout! x2
You hit the howler monkey.
The howler monkey looks as sick as possible!
The howler monkey is heavily wounded.
The howler monkey hits you.
You bite the howler monkey!
You kill the howler monkey!
Your transformation is almost over.
Training target 6.0 for Unarmed Combat reached!
Your Unarmed Combat skill increases to level 6!
You need to enable at least one skill for training.
Your Dodging skill increases to level 2!
You hit the ogre but do no damage.
The ogre is poisoned.
The ogre closely misses you.
You hit the ogre.
The ogre is lightly wounded.
You bite the ogre!
The ogre looks even sicker.
The ogre is heavily wounded.
The ogre hits you with a +0 giant spiked club!!
Ouch! That really hurt!
You die...

######## #......#
#......# +..>...#
#####......#
...........#
.###.##O#
.......s###
.##.......#
#.......# #.......#
#.......#
#.......########
###+#.##.......#
#.##.....^.#
#..######.##.......#


You could see an ogre (very poisoned).

Vanquished Creatures
  An ogre (D:4)
  2 centaurs (D:5)
  A phantom (D:5)
  A bullfrog (Sewer)
  A howler monkey (D:5)
  A jelly (D:4)
  A hound (D:4)
  A gnoll bouda (D:5)
  An orc priest (D:3)
  Terence (D:3)
  4 gnolls (D:5)
  9 adders
  An ufetubus (D:4)
  A worm (D:3)
  2 dart slugs (D:1)
  7 orcs
  4 bats
  10 endoplasms
  5 giant cockroaches
  7 goblins
  5 hobgoblins
  5 kobolds
  13 quokkas
  11 ball pythons
  5 frilled lizards
  5 rats
105 creatures vanquished.

Vanquished Creatures (others)
  An adder (D:5)
  2 plants (D:3)
3 creatures vanquished.

Grand Total: 108 creatures vanquished

Notes
Turn   | Place    | Note
-------+----------+-------------------------------------------
     0 | D:1      | MisterFreud the Draconian Transmuter began the quest for
                  | the Orb.
     0 | D:1      | Reached XP level 1. HP: 16/16 MP: 3/3
     3 | D:1      | Noticed an electric eel
     4 | D:1      | Noticed an electric eel
   119 | D:1      | Reached XP level 2. HP: 21/23 MP: 5/5
   797 | D:2      | Reached XP level 3. HP: 28/28 MP: 6/6
   904 | D:2      | Found a faded altar of an unknown god.
  1501 | D:3      | Noticed Terence
  1506 | D:3      | Identified the +8 spear "Syumotem" {flame, Fragile rPois
                  | rC+ rN+}
  1513 | D:3      | Learned a level 3 spell: Spider Form
  1670 | D:3      | Killed Terence
  1671 | D:3      | Reached XP level 4. HP: 3/35 MP: 0/7
  1721 | D:3      | Found Boyghim's Armour Boutique.
  1722 | D:3      | Found a basalt altar of Yredelemnul.
  1799 | D:3      | Found a glowing drain.
  1808 | Sewer    | Entered a sewer
  2038 | Sewer    | Reached skill level 5 in Transmutations
  2249 | Sewer    | Reached XP level 5. HP: 29/40 MP: 8/8
  2255 | Sewer    | Reached skill level 1 in Polearms
  2975 | D:3      | Reached XP level 6. HP: 40/51 MP: 3/9
  3966 | D:5      | Entered Level 5 of the Dungeon
  3983 | D:5      | Reached skill level 4 in Unarmed Combat
  4090 | D:5      | Your scales start taking on a pale cyan-grey colour.
  4090 | D:5      | Reached XP level 7. HP: 50/58 MP: 6/10
  4090 | D:5      | Gained mutation: You are immune to the effects of steam.
                  | [Pale Draconian growth]
  4096 | D:5      | Reached skill level 5 in Unarmed Combat
  4144 | D:5      | Identified the ring "Ankerucs" {rC+ MP+9}
  4253 | D:5      | Found Jonauw's Jewellery Emporium.
  4428 | D:5      | Reached skill level 6 in Unarmed Combat
  4430 | D:5      | Slain by an ogre

Illustrated notes

Levels and vault maps discovered:
D:1:      arrival_aquarium_b, layout_basic, minmay_split_cup_large
D:2:      layout_loops_ring, shapermc_ecumenical_altar_petra, st_stairs_10,
          kennysheep_generic_room_14
D:3:      layout_loops_cross, mainiacjoe_overflow_chevrons,
          cheibrodos_sewer_entry_sluice, serial_shops, shop, uniq_terence
D:4:      layout_basic, eino_curves_03
D:5:      layout_basic, mainiacjoe_overflow_large_starburst,
          lemuel_temple_firewalk_b, serial_shops, nicolae_shop_crystal,
          minmay_manual_mares

Skill      XL: |  1  2  3  4  5  6  7 |
---------------+----------------------+-----
Transmutations | 3 4 5 |  5.0
Polearms       | 2 3 |  3.0
Fighting       | 3 |  3.7
Unarmed Combat | 4 6 |  6.0
Dodging        | 2 |  2.0
Spellcasting   | |  2.0

Action                     |  1- 3 |  4- 6 |  7- 9 || total
---------------------------+-------+-------+-------++-------
  Melee: Unarmed           |   140 |   245 |    22 ||   407
         Tailslap          |    16 |     7 |       ||    23
         Kick              |     3 |       |       ||     3
         Headbutt          |     2 |       |       ||     2
         Punch             |     2 |     4 |       ||     6
   Cast: Beastly Appendage |     4 |       |       ||     4
         Spider Form       |     1 |    14 |     2 ||    17
    Use: Scroll            |     3 |     9 |       ||    12
 Armour: Skin              |    37 |    81 |     2 ||   120
  Dodge: Dodged            |    98 |   272 |    23 ||   393
